 Dungeon Crawl Stone Soup version 0.30-a0-121-gb27577e5d9 (webtiles) character file.

Game seed: 10297566563574256859

58 snetch the Chopper (level 3, -1/48 (51) HPs)
             Began as a Minotaur Berserker on Sept 14, 2022.
             Was a Follower of Trog.
             Slain by Crazy Yiuf
             ... wielding a +3 quarterstaff of chaos
              (6 damage)
             ... on level 3 of the Dungeon.
             The game lasted 00:04:16 (1461 turns).

snetch the Chopper (Minotaur Berserker)             Turns: 1461, Time: 00:04:17

HP:   -1/48 (51)    AC:  9    Str: 23    XL:     3   Next: 76%
MP:   2/2           EV: 11    Int:  4    God:    Trog [*.....]
Gold: 69            SH:  0    Dex:  9    Spells: 2/2 levels left

rFire   . . .      SeeInvis +    a - +0 hand axe
rCold   . . .      Faith    .    (no shield)
rNeg    . . .      Spirit   .    f - +0 ring mail
rPois   .          Reflect  .    (helmet restricted)
rElec   .          Harm     .    (no cloak)
rCorr   .          Rampage  .    (no gloves)
Will    ++...                    (no boots)
Stlth   ..........               b - amulet of regeneration
HPRegen 1.96/turn                l - ring of see invisible
MPRegen 0.08/turn                g - +4 ring of protection

@: berserking, strong-willed (expiring), regenerating (expiring), drained, very
quick
A: horns 2, retaliatory headbutt
a: Renounce Religion, Berserk


You were on level 3 of the Dungeon.
You worshipped Trog.
Trog was aware of your devotion.
You visited 1 branch of the dungeon, and saw 3 of its levels.

You collected 69 gold pieces.

Inventory:

Hand Weapons
 a - a +0 hand axe (weapon)
 n - a +0 glaive
Missiles
 h - 6 curare-tipped darts (quivered)
 k - a stone
Armour
 f - a +0 ring mail (worn)
 q - a +2 robe of willpower
Jewellery
 b - an amulet of regeneration (around neck)
 c - a ring of flight
 g - a +4 ring of protection (right hand)
 l - a ring of see invisible (left hand)
Scrolls
 e - 7 scrolls of identify {unknown}
 j - a scroll of silence {unknown}
 m - 3 scrolls of noise {unknown}
 p - a scroll of fear {unknown}
Potions
 d - 4 potions of curing {unknown}
 i - a potion of might {unknown}
 o - a potion of resistance {unknown}


   Skills:
 + Level 4.4 Fighting
 + Level 4.6 Axes
 + Level 2.8 Armour
 + Level 2.5 Dodging
 + Level 0.1 Stealth


You had 2 spell levels left.
You didn't know any spells.
Your spell library was empty.

Dungeon Overview and Level Annotations

Branches:
Dungeon (3/15)

Altars:

Annotations:
D:3 Crazy Yiuf


Innate Abilities, Weirdness & Mutations

You have a pair of horns on your head.
You reflexively headbutt those who attack you in melee.


Message History

You feel drained.
You have turned to stone.
Crazy Yiuf hits you with a +3 quarterstaff of chaos.
You resist with almost no effort.
You feel less porcine.
Your +0 hand axe unmelds from your body.
Your +0 ring mail unmelds from your body.
Your ring of see invisible unmelds from your body.
Your +4 ring of protection unmelds from your body.
Crazy Yiuf glowers.
Crazy Yiuf hits you with a +3 quarterstaff of chaos.
Crazy Yiuf burns you. Crazy Yiuf hits you but does no damage.
You are electrocuted!
Crazy Yiuf says, "Trifle!"
Crazy Yiuf hits you with a +3 quarterstaff of chaos!
You resist with almost no effort.
Crazy Yiuf hits you with a +3 quarterstaff of chaos. x2
Crazy Yiuf hits you with a +3 quarterstaff of chaos!
Crazy Yiuf barely misses you.
Crazy Yiuf hits you with a +3 quarterstaff of chaos!
Crazy Yiuf burns you.
You turn to flesh and can move again.
You closely miss Crazy Yiuf. Your headbutt misses Crazy Yiuf.
Crazy Yiuf is heavily wounded.
You feel the effects of Trog's Hand fading.
Crazy Yiuf screams, "Scoff shrimp action!"
Crazy Yiuf hits you with a +3 quarterstaff of chaos.
* * * LOW HITPOINT WARNING * * *
Crazy Yiuf draws strength from your wounds!
A red film seems to cover your vision as you go berserk!
You feel yourself moving faster!
You feel mighty!
You can no longer call upon Trog for regeneration and willpower.
Crazy Yiuf says, "Snurf sing shrimp!"
Crazy Yiuf hits you with a +3 quarterstaff of chaos!
* * * LOW HITPOINT WARNING * * *
Crazy Yiuf draws strength from your wounds!
You slash Crazy Yiuf!
Crazy Yiuf is heavily wounded.
Crazy Yiuf laughs, "You ladder green!"
Crazy Yiuf hits you with a +3 quarterstaff of chaos.
You die...

#.#############..#P♣♣ ♣♣#..)#
#....†.......#......♣♣♣♣.'...#
#########............♣.g♣#...#
#........#..♣.♣♣♣ ###
#.......##♣♣♣♣♣ #.......#
#..)....#### #......g...#
#......@...# #..........#
#..........# #..........#
..............
################


You could see Crazy Yiuf.

Vanquished Creatures
  Jessica (D:3)
  A dart slug (D:2)
  A ball python (D:1)
  8 endoplasms
  2 giant cockroaches
  2 goblins (D:2)
  4 hobgoblins
  3 bats
  A frilled lizard (D:1)
  A kobold (D:1)
  3 rats (D:1)
27 creatures vanquished.

Vanquished Creatures (others)
  3 fungi (D:3)
3 creatures vanquished.

Grand Total: 30 creatures vanquished

Notes
Turn   | Place    | Note
-------+----------+-------------------------------------------
     0 | D:1      | snetch the Minotaur Berserker began the quest for the Orb.
     0 | D:1      | Reached XP level 1. HP: 19/19 MP: 0/0
   231 | D:1      | Reached XP level 2. HP: 27/27 MP: 1/1
   949 | D:2      | Reached ** piety under Trog
  1068 | D:2      | Found a faded altar of an unknown god.
  1111 | D:2      | Reached XP level 3. HP: 33/33 MP: 2/2
  1400 | D:3      | Noticed Jessica
  1408 | D:3      | Killed Jessica
  1421 | D:3      | Found a runed translucent door.
  1422 | D:3      | Noticed Crazy Yiuf
  1461 | D:3      | Slain by Crazy Yiuf

Illustrated notes

Levels and vault maps discovered:
D:1:      matt_arrival_spirals, layout_loops_ring, minmay_misc_feat_four_crosses
D:2:      layout_basic, ebering_ecumenical_altar_rust
D:3:      layout_basic, trog_butcher_becter, lemuel_crystal_altar, uniq_jessica,
          uniq_ijyb, uniq_crazy_yiuf_cottage

Skill      XL: |  1  2 |
---------------+-------+-----
Fighting       | 4 |  4.4
Axes           | 4 |  4.6
Armour         | |  2.8
Dodging        | |  2.5
Stealth        | |  0.1

Action                   || total
-------------------------++-------
Melee: Hand axe          ||    50
       Punch             ||     1
       Headbutt          ||     7
       Unarmed           ||     5
Invok: Berserk           ||     1
       Trog's Hand       ||     1
Armor: Animal skin       ||     5
       Ring mail         ||    12
Dodge: Dodged            ||    33

Table legend: (Time is in decaauts)
 A = Elapsed time spent in this place.
 B = Non-inter-level travel time spent in this place.
 C = Inter-level travel time spent in this place.
 D = Time resting spent in this place.
 E = Time spent auto-exploring this place.
 F = Levels seen in this place.
 G = Mean time per level.
                   A        B        C        D        E       F      G
               +--------+--------+--------+--------+--------+-----+--------+
         Total |   1461 |   1437 |     24 |      0 |    932 |   3 |  487.0 |
       Dungeon |   1461 |   1437 |     24 |      0 |    932 |   3 |  487.0 |
               +--------+--------+--------+--------+--------+-----+--------+

Top non-repeatable levels by time:
     D:1: 766 daAuts
     D:2: 611 daAuts
     D:3: 83 daAuts
